 Dungeon Crawl Stone Soup version 0.25.1-8-g42b30a86e7 (webtiles) character file.

Game seed: 9393673984700688714

25 gruber the Firebug (level 2, 0/19 HPs)
             Began as a Demonspawn Fire Elementalist on Dec 20, 2020.
             Slain by a jackal (1 damage)
             ... on level 1 of the Dungeon.
             The game lasted 00:02:01 (1115 turns).

gruber the Firebug (Demonspawn Fire Elementalist)   Turns: 1115, Time: 00:02:02

Health: 0/19       AC:  2    Str:  8    XL:     2   Next: 82%
Magic:  2/5        EV: 12    Int: 16    God:
Gold:   103        SH:  0    Dex: 13    Spells: 4/5 levels left

rFire    + . .     SeeInvis .   b - -2 whip (curse)
rCold    . . .     Gourm    .   (no shield)
rNeg     . . .     Faith    .   a - +0 robe
rPois    .         Spirit   .   (no helmet)
rElec    .         Reflect  .   (no cloak)
rCorr    .         Harm     .   (no gloves)
MR       .....                  (no boots)
Stlth    ++........             (no amulet)
HPRegen  0.06/turn              (no ring)
MPRegen  0.09/turn              (no ring)

@: no status effects
A: fire resistance 1
a: no special abilities


You were on level 1 of the Dungeon.
You were not hungry.

You visited 1 branch of the dungeon, and saw 1 of its levels.

You collected 103 gold pieces.

Inventory:

Hand Weapons
 b - a cursed -2 whip (weapon)
Armour
 a - a +0 robe (worn)
Jewellery
 g - an uncursed ring of flight {unknown}
Scrolls
 d - 3 scrolls of identify {unknown}
 e - a scroll of remove curse {unknown}
 h - a scroll of magic mapping {unknown}
Potions
 i - a potion of cancellation {unknown}
 j - a potion of heal wounds {unknown}
Comestibles
 c - 2 rations
 f - 6 chunks of flesh


   Skills:
 - Level 2.0 Dodging
 - Level 1.7 Stealth
 + Level 2.3 Spellcasting
 + Level 1.2 Conjurations
 + Level 3.2 Fire Magic


You had 4 spell levels left.
You knew the following spells:

 Your Spells              Type           Power        Failure   Level  Hunger
a - Foxfire               Conj/Fire      #...         8%          1    #......

Your spell library contained the following spells:

 Spells                   Type           Power        Failure   Level  Hunger
 Conjure Flame            Conj/Fire      #.......     24%         3    ###....
 Inner Flame              Hex/Fire       #.......     30%         3    ###....
 Sticky Flame             Conj/Fire      #.......     61%         4    #####..
 Fireball                 Conj/Fire      #.........   91%         5    ######.


Dungeon Overview and Level Annotations

Branches:
Dungeon (1/15)

Altars:


Innate Abilities, Weirdness & Mutations

Your flesh is heat resistant. (rF+)


Message History

* * * LOW HITPOINT WARNING * * *
The jackal pauses to sniff the ground.
The jackal closely misses you. The jackal barely misses you.
The jackal bites you.
* * * LOW HITPOINT WARNING * * *
Casting: Foxfire (safe; 8% risk of failure)
Confirm with . or Enter, or press ? or * to list all spells.
You conjure some foxfire!
The jackal closely misses you.
The foxfire hits the jackal.
The jackal is severely wounded.
The jackal barely misses you.
Casting: Foxfire (safe; 8% risk of failure)
Confirm with . or Enter, or press ? or * to list all spells.
Nothing appears to happen.
The jackal bites you but does no damage.
The jackal bites you.
* * * LOW HITPOINT WARNING * * *
The jackal bites you.
You die...

.......................)..>....
.#######.###.#########.########
.# #.# #[# #.# .# #.# #.# #.#
.## #.# #.# #.## ..# #.# #.#
#..# #.## #.# #.# ##.# #..#
#.###.#########..## ##.##
#.....÷.h@##.#....## ## #..#
#####.###h##.####..##.# ##.##
#.# #h##.##.###.#.## #..# #.#
#.##..#...##.#.# ##.## #.#
#.###.÷÷≈..#...#.. #).# #.# #.#
##...≈≈.≈...#§ ##.## #.# #.#
#.##.≈≈≈≈≈≈... #..# #.# #.#
##.#.≈≈≈≈≈≈.≈. ##.## #.# #.#
#...≈.≈≈≈≈.≈#.


You could see 3 jackals.

Vanquished Creatures
  A leopard gecko (D:1)
  A ball python (D:1)
  A giant cockroach (D:1)
  4 goblins (D:1)
  4 hobgoblins (D:1)
  3 jackals (D:1)
  A kobold (D:1)
  3 bats (D:1)
  A frilled lizard (D:1)
  A rat (D:1)
20 creatures vanquished.

Vanquished Creatures (others)
  63 foxfires (D:1)
63 creatures vanquished.

Grand Total: 83 creatures vanquished

Notes
Turn   | Place    | Note
-------+----------+-------------------------------------------
     0 | D:1      | gruber the Demonspawn Fire Elementalist began the quest for
                  | the Orb.
     0 | D:1      | Reached XP level 1. HP: 13/13 MP: 3/3
   335 | D:1      | Reached skill level 3 in Fire Magic
   348 | D:1      | Gained mutation: Your flesh is heat resistant. (rF+)
                  | [demonic ancestry]
   348 | D:1      | Reached XP level 2. HP: 19/19 MP: 0/5
  1115 | D:1      | Slain by a jackal

Illustrated notes

Levels and vault maps discovered:
D:1:      dpeg_arrival_subterranean_lakeside_camping, layout_basic

Skill      XL: |  1  2 |
---------------+-------+-----
Fire Magic     | 3 |  3.2
Dodging        | 2 |  2.0
Stealth        | |  1.7
Spellcasting   | |  2.3
Conjurations   | |  1.2

Action                   || total
-------------------------++-------
Melee: Whip              ||    13
 Cast: Foxfire           ||    39
  Eat: Chunk             ||     1
Armor: Robe              ||    18
Dodge: Dodged            ||    34
